 Seeded DCSS version 0.32-a0-33-g74fbe469d6 (webtiles) character file.

Game seed: 9872065412798756122 (custom seed)

1156 timneilson the Ruffian (level 8, -7/54 HPs)
             Began as an Octopode Shapeshifter on Jan 20, 2024.
             Was an Initiate of Gozag.
             Mangled by an ogre
             ... wielding a +0 giant club
              (25 damage)
             ... on level 5 of the Dungeon.
             The game lasted 00:07:33 (4343 turns).

timneilson the Ruffian (Octopode Shapeshifter)      Turns: 4343, Time: 00:07:34

Health: -7/54      AC:  1    Str: 15    XL:     8   Next: 39%
Magic:  0/8        EV: 14    Int: 12    God:    Gozag
Gold:   445        SH:  0    Dex: 12    Spells: 7/7 levels left

rFire   . .          .
                       - Unarmed
rCold   . . .        (no shield)
rNeg    . . .        (helmet currently unavailable)
rPois   .            m - amulet of guardian spirit
rElec   .            (no ring)
rCorr   .            (no ring)
SInv    .            (no ring)
Will    .....        (no ring)
Stlth   ++++         (no ring)
HPRegen 0.29/turn    (no ring)
MPRegen 0.11/turn    (no ring)
                     (no ring)

%: guardian spirit
@: beast-form
A: beast (slay +2), almost no armour, amphibious, 8 rings, camouflage 1,
gelatinous body 1, (nimble swimmer 1), tentacles
a: Begin Untransformation, Renounce Religion, Potion Petition, Call Merchant,
Bribe Branch


You were on level 5 of the Dungeon.
You worshipped Gozag.
Gozag was aware of your devotion.
You were a hulking beast.
You visited 1 branch of the dungeon, and saw 5 of its levels.

You collected 485 gold pieces.
You paid 40 gold pieces to Gozag.

Inventory:

Missiles
 f - 16 poisoned darts (quivered)
Jewellery
 m - an amulet of guardian spirit (around mantle)
Talismans
 b - a beast talisman
 c - a flux talisman
 p - a talisman of death
Scrolls
 d - 2 scrolls of revelation
 h - a scroll of fear
 j - 2 scrolls of brand weapon
 l - a scroll of poison
 r - a scroll of fog
 s - a scroll of teleportation
Potions
 a - a potion of lignification
 e - 2 potions of magic {unknown}
 g - 2 potions of curing {unknown}
 i - 2 potions of enlightenment
 k - 2 potions of mutation {unknown}
 n - a potion of heal wounds
 o - a potion of brilliance
 q - 2 potions of invisibility


   Skills:
 * Level 4.5 Fighting
 * Level 4.9 Dodging
 + Level 4.4 Stealth
 * Level 5.4 Unarmed Combat
 * Level 5.1 Shapeshifting


You had 7 spell levels left.
You didn't know any spells.
Your spell library contained the following spells:

 Spells                   Type           Power      Damage    Failure   Level
 Call Imp                 Summ           0%         N/A       45%         2
 Ensorcelled Hibernation  Hex/Ice        0%         N/A       45%         2
 Sublimation of Blood     Necr           0%         N/A       45%         2
 Passwall                 Erth           0%         N/A       69%         3
 Swiftness                Air            0%         N/A       69%         3
 Summon Hydra             Summ           0%         N/A       100%        7


Dungeon Overview and Level Annotations

Branches:
Dungeon (5/15)
 Temple: D:4-7

Altars:
Cheibriados
Dithmenos
Gozag
Nemelex Xobeh
Xom

Shops:
D:1 :

Annotations:
D:4 2 runed translucent doors, LoggersVIII's ghost, amateur OpEE


Innate Abilities, Weirdness & Mutations

You are a hulking beast.
Your limbs bulge with bestial killing power. (Slay +2)
You cannot wear most types of armour.
You are amphibious.
You can wear up to eight rings at the same time.
Your skin changes colour to match your surroundings (Stealth+).
Your rubbery body absorbs attacks. (AC +1, EV +1)
((You are camouflaged when in or above water. (Stealth+)))
You have tentacles for arms and can constrict up to eight enemies at once.


Message History

The hound barks!
You tentacle-slap the hound. Your grab misses the hound.
Your squeeze misses the hound.
The hound is severely wounded.
The hound misses you.
You bludgeon the hound!
You kill the hound!
Found a helmet.
The hound barely misses you.
Things that are here:
11 gold pieces; a +0 leather armour; a +0 dagger You tentacle-slap the hound.
Your grab misses the hound. You squeeze the hound!
The hound is severely wounded.
The hound completely misses you. The hound closely misses you.
You barely miss the hound. Your grab misses the hound.
The hound is severely wounded.
The hound is distracted by your dazzling golden aura.
You closely miss the hound.
The hound is no longer distracted by gold.
The hound barks!
You grab the hound.
The hound is severely wounded.
You constrict the hound.
You hear a shout!
An ogre comes into view. It is wielding a +0 giant club.
The hound closely misses you.
You tentacle-slap the hound.
You kill the hound!
You bludgeon the ogre!
The ogre is moderately wounded.
The ogre hits you with a +0 giant club!
You tentacle-slap the ogre.
The ogre is heavily wounded.
The ogre hits you with a +0 giant club!!
You barely miss the ogre. You tentacle-slap the ogre.
The ogre is severely wounded.
You tentacle-slap the ogre.
The ogre is severely wounded.
The ogre hits you with a +0 giant club!!
You die...
Your body crumbles into a pile of gold.

#... #..# . ..# ..
##.# ###... #.##
###<.##.....
#....##.......#
#.$$......#..#
#$#.>...$..)...
...###hO........
..................
#..#...........##..
#.....##...#.#.# .
#..... ......#.# .
..?.......##.. .
........ .
....[##..


You could see an ogre.

Vanquished Creatures
  Sigmund (D:3)
  An ogre (D:4)
  2 black bears
  The ghost of Azoth the Insei, an amateur DsSh (D:3)
  A centaur (D:4)
  A kobold brigand (D:3)
  Blork the orc (D:4)
  A bullfrog (D:5)
  A scorpion (D:5)
  2 hounds (D:5)
  An orc priest (D:5)
  3 jellies (D:4)
  A sleepcap (D:4)
  2 adders
  A dart slug (D:4)
  2 ribbon worms
  12 orcs
  A bat (D:1)
  10 endoplasms
  A giant cockroach (D:2)
  6 goblins
  10 hobgoblins
  A quokka (D:4)
  2 ball pythons
  2 frilled lizards (D:1)
  12 kobolds
  4 rats
83 creatures vanquished.

Notes
Turn   | Place    | Note
-------+----------+-------------------------------------------
     0 | D:1      | timneilson the Octopode Shapeshifter began the quest for
                  | the Orb.
     0 | D:1      | Reached XP level 1. HP: 13/13 MP: 1/1
   261 | D:1      | Found Logiotz's Book Emporium.
   340 | D:1      | Reached XP level 2. HP: 18/18 MP: 2/2
  1171 | D:2      | Reached skill level 1 in Stealth
  1171 | D:2      | Reached XP level 3. HP: 23/23 MP: 3/3
  1683 | D:2      | Found a faded altar of an unknown god.
  1921 | D:3      | Found a sparkling altar of Nemelex Xobeh.
  1922 | D:3      | Found an opulent altar of Gozag.
  1927 | D:3      | Became a worshipper of Gozag Ym Sagoz the Greedy
  1938 | D:3      | Found a runed translucent gate.
  1938 | D:3      | Found a runed translucent gate.
  1938 | D:3      | Noticed Azoth's ghost (amateur DsSh)
  1965 | D:3      | Found a runed translucent gate.
  1966 | D:3      | Identified the +2 leather armour of Nubi {rElec Regen+}
  2042 | D:3      | Found a shimmering altar of Xom.
  2042 | D:3      | Found a shadowy altar of Dithmenos.
  2223 | D:3      | Noticed a kobold brigand
  2229 | D:3      | Noticed Sigmund
  2251 | D:3      | Killed Sigmund
  2252 | D:3      | Reached XP level 4. HP: 20/30 MP: 2/4
  2252 | D:3      | Reached XP level 5. HP: 23/35 MP: 2/5
  2252 | D:3      | Reached XP level 6. HP: 28/41 MP: 2/6
  2725 | D:3      | Killed Azoth's ghost
  2871 | D:4      | Noticed a black bear
  2881 | D:4      | Killed a black bear
  2882 | D:4      | Reached XP level 7. HP: 41/46 MP: 5/7
  3145 | D:4      | Found a snail-covered altar of Cheibriados.
  3320 | D:4      | Found a runed translucent door.
  3342 | D:4      | Found a runed translucent door.
  3343 | D:4      | Noticed LoggersVIII's ghost (amateur OpEE)
  3840 | D:4      | Noticed Blork the orc
  3848 | D:4      | Killed Blork the orc
  3986 | D:4      | Reached skill level 5 in Unarmed Combat
  3989 | D:4      | Reached XP level 8. HP: 39/54 MP: 6/8
  4184 | D:5      | Entered Level 5 of the Dungeon
  4218 | D:5      | Reached skill level 5 in Shapeshifting
  4343 | D:5      | Mangled by an ogre

Illustrated notes

Levels and vault maps discovered:
D:1:      dpeg_arrival_stone_temple_mockup, layout_loops_corners, serial_shops,
          shop, minmay_split_cup_large
D:2:      layout_basic, chequers_ecumenical_altar_grove, chequers_jeans
D:3:      cheibrodos_thug_alley, layout_rooms, grunt_temple_overflow_opulence,
          grunt_temple_overflow_open, biasface_ghost_orc_armoury, uniq_sigmund
D:4:      minmay_razor_zed, layout_gridville, cheibriados_altar_1,
          ebering_ghost_sewer_f, serial_bayou, serial_bayou_pond_d,
          serial_bayou_shore_b, serial_bayou_pond_a, serial_bayou_shore_b,
          uniq_blork_the_orc
D:5:      layout_rooms, lemuel_doored_altar, lemuel_zombie_altar_yredelemnul,
          minmay_temple_entry_overgrown, nicolae_underground_beach

Skill      XL: |  1  2  3  4  5  6  7  8 |
---------------+-------------------------+-----
Stealth        | 1 2 3 4 |  4.4
Fighting       | 2 3 4 |  4.5
Dodging        | 3 4 |  4.9
Unarmed Combat | 4 5 |  5.4
Shapeshifting  | 4 5 |  5.1

Action                     |  1- 3 |  4- 6 |  7- 9 || total
---------------------------+-------+-------+-------++-------
  Melee: Unarmed           |    73 |    50 |    75 ||   198
         Constrict         |    15 |    11 |    17 ||    43
         Tentacles         |    11 |    11 |    18 ||    40
         Punch             |     1 |     1 |     6 ||     8
  Throw: Dart              |       |       |    21 ||    21
    Use: Scroll            |    11 |     3 |     1 ||    15
         Potion            |     1 |       |       ||     1
   Stab: Sleeping          |    11 |     2 |     4 ||    17
         Invisible         |     2 |       |       ||     2
         Distracted        |     1 |       |       ||     1
 Armour: Skin              |    20 |    14 |    35 ||    69
  Dodge: Dodged            |    38 |    18 |    42 ||    98

Table legend: (Time is in decaauts)
 A = Elapsed time spent in this place.
 B = Non-inter-level travel time spent in this place.
 C = Inter-level travel time spent in this place.
 D = Time resting spent in this place.
 E = Time spent auto-exploring this place.
 F = Levels seen in this place.
 G = Mean time per level.
                   A        B        C        D        E       F      G
               +--------+--------+--------+--------+--------+-----+--------+
         Total |   4327 |   4213 |    114 |    360 |   2959 |   5 |  865.4 |
       Dungeon |   4327 |   4213 |    114 |    360 |   2959 |   5 |  865.4 |
               +--------+--------+--------+--------+--------+-----+--------+

Top non-repeatable levels by time:
     D:4: 1403 daAuts
     D:1: 998 daAuts
     D:3: 958 daAuts
     D:2: 892 daAuts
     D:5: 74 daAuts
